 Seeded DCSS version 0.27-a0-1228-gfd60fd639a (webtiles) character file.

Game seed: 49 (custom seed)

5602 Snicker the Unseen (level 10, -1/47 HPs)
             Began as a Spriggan Enchanter on June 7, 2021.
             Was an Initiate of Gozag.
             Slain by a death yak (26 damage)
             ... on level 9 of the Dungeon.
             The game lasted 00:20:37 (10384 turns).

Snicker the Unseen (Spriggan Enchanter)            Turns: 10384, Time: 00:20:37

Health: -1/47      AC:  9    Str:  8    XL:     10   Next: 45%
Magic:  22/24      EV: 16    Int: 18    God:    Gozag
Gold:   99         SH:  0    Dex: 17    Spells: 6/14 levels left

rFire    . . .     SeeInvis +   a - +5 quick blade
rCold    . . .     Faith    .   (shield restricted)
rNeg     . . .     Spirit   .   y - +1 swamp dragon scales
rPois    +         Reflect  .   (helmet restricted)
rElec    .         Harm     .   p - +0 cloak
rCorr    .         Rampage  .   (gloves unavailable)
Will     +....                  (boots unavailable)
Stlth    +++++++...             (no amulet)
HPRegen  0.15/turn              d - ring of Begarul {MP+9 Str+3 Stlth+}
MPRegen  0.19/turn              x - ring of wizardry

@: very quick
A: very small, no large weapons, unfitting armour, see invisible, speed 3
a: Renounce Religion, Potion Petition, Call Merchant, Bribe Branch


You were on level 9 of the Dungeon.
You worshipped Gozag.
Gozag was noncommittal.
You visited 2 branches of the dungeon, and saw 10 of its levels.
You also visited: Ossuary.

You collected 961 gold pieces.
You paid 862 gold pieces to Gozag.

Inventory:

Hand Weapons
 a - a +5 quick blade (weapon)
 c - a +1 dagger
 l - a +0 dagger of draining
 z - a +1 dagger of flaming
Missiles
 w - 2 datura-tipped darts
Armour
 b - a +0 robe
 p - a +0 cloak (worn)
 y - +1 swamp dragon scales (worn)
Jewellery
 d - the ring of Begarul (left hand) {MP+9 Str+3 Stlth+}
   (You acquired it on level 1 of the Dungeon)

   [ring of magical power]

   It affects your strength (+3).
   It affects your magic capacity (+9).
   It makes you more stealthy.
 v - a ring of resist corrosion
 x - a ring of wizardry (right hand)
 C - a ring of fire
 D - a ring of poison resistance
Wands
 j - a wand of iceblast (15)
 u - a wand of flame (17)
Scrolls
 e - a scroll of enchant armour
 f - 11 scrolls of identify
 k - 2 scrolls of vulnerability
 s - 2 scrolls of teleportation
 t - a scroll of magic mapping
Potions
 g - 2 potions of brilliance {unknown}
 h - 2 potions of attraction {unknown}
 i - 6 potions of curing {unknown}
 m - 2 potions of berserk rage {unknown}
 n - 3 potions of heal wounds {unknown}
 o - 2 potions of degeneration {unknown}
 q - 3 potions of magic {unknown}
 r - a potion of lignification {unknown}
 A - 4 potions of mutation {unknown}
 B - a potion of flight {unknown}
 E - a potion of might {unknown}


   Skills:
 + Level 2.5 Fighting
 + Level 6.8 Short Blades
 + Level 3.9 Dodging
 + Level 15.9 Stealth
 - Level 2.6 Spellcasting
 * Level 9.9 Hexes
 + Level 2.9 Translocations
 - Level 2.3 Ice Magic
 - Level 1.9 Evocations


You had 6 spell levels left.
You knew the following spells:

 Your Spells              Type           Power      Damage    Failure   Level
a - Corona                Hex            42%        N/A       1%          1
b - Ensorcelled Hibernat  Hex/Ice        48%        N/A       2%          2
c - Confusing Touch       Hex            38%        N/A       1%          3
d - Blink                 Tloc           N/A        N/A       10%         2

Your spell library contained the following spells:

 Spells                   Type           Power      Damage    Failure   Level
 Slow                     Hex            38%        N/A       1%          2
 Tukima's Dance           Hex            38%        N/A       1%          3
 Dazzling Flash           Conj/Hex       40%        N/A       9%          3
 Magic Dart               Conj           8%         1d3       21%         1
 Shock                    Conj/Air       8%         1d3       21%         1
 Call Imp                 Summ           2%         N/A       30%         2
 Static Discharge         Conj/Air       2%         N/A       30%         2
 Conjure Flame            Conj/Fire      2%         6-21      50%         3
 Mephitic Cloud           Conj/Pois/Air  2%         N/A       50%         3
 Swiftness                Air            2%         N/A       50%         3
 Airstrike                Air            1%         N/A       87%         4
 Lightning Bolt           Conj/Air       1%         1d12      99%         5


Dungeon Overview and Level Annotations

Branches:
Dungeon (9/15)             Temple (1/1) D:6            Lair (0/6) D:9
Ossuary (visited)
    Orc: D:9-12

Altars:
Ashenzari
Cheibriados
Dithmenos
Elyvilon
Gozag
Hepliaklqana
Makhleb
Nemelex Xobeh
Qazlal
Sif Muna
Trog
Uskayaw
Vehumet
Wu Jian
Xom
Zin
The Shining One

Shops:
D:7 :   D:8 [


Innate Abilities, Weirdness & Mutations

You are very small and have problems with some larger weapons.
You are too small for most types of armour.
You have supernaturally acute eyesight. (SInv)
You cover ground extremely quickly. (Speed+++)


Message History

You now have 99 gold pieces (gained 4).
m - 2 fuming grey potions (gained 1)
Your extra speed is starting to run out.
A rat is nearby!
A rat is nearby!
A rat is nearby!
You feel yourself slow down. The rat completely misses you.
You hit the rat.
The rat is heavily wounded.
The death yak bellows!
You hit the rat.
You kill the rat!
You hear a bellow!
You see here 3 gold pieces.
Casting: Ensorcelled Hibernation (safe; 2% risk of failure)
Confirm with . or Enter, or press ? or * to list all spells.
Your hands begin to glow red.
The death yak gores you but does no damage.
You hit the death yak but do no damage. You hit the death yak but do no damage.
The death yak closely misses you.
You hit the death yak but do no damage. You hit the death yak but do no damage.
You barely miss the death yak.
The death yak gores you but does no damage.
You see here 3 gold pieces.
The death yak gores you!!
You hit the death yak but do no damage. You hit the death yak but do no damage.
The death yak appears confused.
The death yak completely misses you.
You hit the death yak.
The death yak is lightly wounded.
You hit the death yak but do no damage.
The death yak is lightly wounded.
You hit the death yak but do no damage.
The death yak is lightly wounded.
The death yak gores you!!
Ouch! That really hurt!
You die...
Your body crumbles into a pile of gold.

...#.?.......####
#####.............
.......
............#####
....... ............#
....... ..........$.#
....... .[..#######(#
....... ....#..)..#(#
.....
....#.....$(#######..#
....#.....#..YYY@....#
....#........


You could see 3 death yaks.

Vanquished Creatures
  Maggie (D:6)
  A cane toad (shapeshifter) (D:9)
  A troll (D:9)
  Grinder (D:4)
  A hornet (D:8)
  A wyvern (D:9)
  9 yaks (D:8)
  Menkaure (D:6)
  An orc warrior (D:7)
  3 ice beasts
  3 centaurs
  A phantom (D:6)
  2 kobold brigands
  2 wyvern zombies (D:8)
  2 bullfrogs
  2 scorpions
  A water moccasin zombie (Ossuary)
  A wyvern skeleton (D:7)
  3 water moccasin skeletons
  10 killer bees
  9 wights
  A howler monkey (D:4)
  A bullfrog zombie (D:6)
  3 hounds (D:5)
  A jelly (D:4)
  A centaur skeleton (D:5)
  An orc priest (D:3)
  2 bullfrog skeletons
  An iguana (D:4)
  Ijyb (D:4)
  Terence (D:2)
  An orc wizard (D:7)
  2 mummies (Ossuary)
  A howler monkey skeleton (D:4)
  5 adders
  2 river rats (D:9)
  2 white imps
  6 adder zombies (Ossuary)
  3 worms
  A dart slug (D:4)
  20 orcs
  3 ball pythons
  9 bats
  8 endoplasms
  2 giant cockroaches
  7 goblins
  3 hobgoblins
  17 kobolds
  7 quokkas
  3 gnoll zombies (Ossuary)
  5 hobgoblin zombies (Ossuary)
  5 kobold zombies (Ossuary)
  8 orc zombies (Ossuary)
  7 rats
196 creatures vanquished.

Notes
Turn   | Place    | Note
-------+----------+-------------------------------------------
     0 | D:1      | Snicker the Spriggan Enchanter began the quest for the Orb.
     0 | D:1      | Reached XP level 1. HP: 9/9 MP: 5/5
   275 | D:1      | Reached skill level 5 in Stealth
   285 | D:1      | Reached XP level 2. HP: 13/13 MP: 6/6
   907 | D:1      | Identified a scroll of acquirement
   907 | D:1      | Acquired the ring of Begarul {MP+9 Str+3 Stlth+}
  1007 | D:2      | Reached XP level 3. HP: 16/16 MP: 8/8
  1011 | D:2      | Learned a level 3 spell: Confusing Touch
  1014 | D:2      | Learned a level 2 spell: Ensorcelled Hibernation
  1067 | D:2      | Found a faded altar of an unknown god.
  1103 | D:2      | Reached skill level 6 in Stealth
  1428 | D:2      | Noticed Terence
  1435 | D:2      | Killed Terence
  1436 | D:2      | Reached XP level 4. HP: 21/21 MP: 9/9
  1691 | D:3      | Reached skill level 7 in Stealth
  1993 | D:3      | Reached XP level 5. HP: 11/25 MP: 10/10
  2230 | D:3      | Found a burning altar of Makhleb.
  2323 | D:3      | Reached skill level 8 in Stealth
  2647 | D:3      | Found a stormy altar of Qazlal.
  2795 | D:4      | Noticed a centaur
  2796 | D:4      | Noticed Grinder
  2808 | D:4      | Killed a centaur
  2809 | D:4      | Reached skill level 9 in Stealth
  2809 | D:4      | Reached skill level 1 in Ice Magic
  2833 | D:4      | Reached XP level 6. HP: 29/29 MP: 11/11
  2867 | D:4      | Found a sand-covered staircase.
  2872 | Ossuary  | Entered an ossuary
  4130 | D:4      | Killed Grinder
  4131 | D:4      | Reached skill level 1 in Fighting
  4131 | D:4      | Reached skill level 10 in Stealth
  4131 | D:4      | Reached XP level 7. HP: 24/33 MP: 12/12
  4396 | D:4      | Noticed Ijyb
  4399 | D:4      | Killed Ijyb
  4586 | D:4      | Found a glowing silver altar of Zin.
  4711 | D:5      | Entered Level 5 of the Dungeon
  4715 | D:5      | Reached skill level 5 in Short Blades
  4715 | D:5      | Reached skill level 11 in Stealth
  4867 | D:5      | Reached skill level 1 in Evocations
  5014 | D:5      | Reached XP level 8. HP: 15/37 MP: 0/13
  5775 | D:5      | Learned a level 2 spell: Blink
  6047 | D:6      | Noticed Maggie
  6054 | D:6      | Killed Maggie
  6055 | D:6      | Reached skill level 12 in Stealth
  6107 | D:6      | Acquired a +4 quick blade
  6235 | D:6      | Reached skill level 5 in Hexes
  6499 | D:6      | Reached skill level 13 in Stealth
  6663 | D:6      | Reached XP level 9. HP: 42/42 MP: 14/14
  6686 | D:6      | Found a staircase to the Ecumenical Temple.
  6744 | D:6      | Noticed Menkaure
  6752 | D:6      | Killed Menkaure
  6805 | Temple   | Entered the Ecumenical Temple
  6870 | Temple   | Became a worshipper of Gozag Ym Sagoz the Greedy
  7506 | D:7      | Reached skill level 14 in Stealth
  7793 | D:7      | Found a broken altar of Ashenzari.
  7897 | D:7      | Found Qasya's Book Boutique.
  8590 | D:8      | Reached skill level 15 in Stealth
  8844 | D:8      | Reached XP level 10. HP: 47/47 MP: 2/15
  9722 | D:9      | Found a shimmering blue altar of Sif Muna.
  9792 | D:9      | Noticed a death yak
  9902 | D:9      | Found a staircase to the Lair.
  9902 | D:9      | Noticed a cane toad
  9904 | D:9      | Noticed a death yak
  9905 | D:9      | Noticed a death yak
 10167 | D:9      | Found a hide-covered altar of Uskayaw.
 10219 | D:9      | Killed a cane toad
 10384 | D:9      | Slain by a death yak

Illustrated notes

Levels and vault maps discovered:
D:1:      sevenhm_arrival_forest_fort_small_4, layout_loops_ring
D:2:      layout_basic, shapermc_ecumenical_altar_gd, serial_bayou_pond_e,
          uniq_terence
D:3:      layout_loops_ring, nicolae_qazlal_eye_of_the_storm,
          lightli_temple_of_fire
D:4:      layout_basic, lemuel_crystal_altar,
          nicolae_ossuary_entry_false_entrances, uniq_ijyb, uniq_grinder
D:5:      layout_loops_ring
D:6:      layout_basic, minmay_temple_entry_butterflies, uniq_menkaure,
          uniq_maggie
D:7:      layout_loops_ring, kennysheep_mini_moat, serial_shops,
          nicolae_shop_stone, lemuel_flamethrower_2
D:8:      layout_gridville
D:9:      layout_irregular_city, nicolae_uskayaw_murder_on_the_dancefloor,
          marbit_many_paths, dpeg_lair_monsters
Temple:   regret_index_temple_waves

Skill      XL: |  1  2  3  4  5  6  7  8  9 10 |
---------------+-------------------------------+-----
Stealth        | 5 6 7 9 10 11 13 15 | 15.9
Short Blades   | 2 3 4 5 6 |  6.8
Ice Magic      | 1 2 |  2.3
Fighting       | 1 2 |  2.5
Evocations     | 1 |  1.9
Translocations | 2 |  2.9
Hexes          | 5 8 9 |  9.9
Dodging        | 3 |  3.9
Spellcasting   | |  2.6

Action                   |  1- 3 |  4- 6 |  7- 9 | 10-12 || total
-------------------------+-------+-------+-------+-------++-------
Melee: Dagger            |    51 |   179 |    72 |       ||   302
       Quick blade       |       |       |   184 |    92 ||   276
 Cast: Ensorcelled Hiber |     7 |    12 |    64 |    17 ||   100
       Confusing Touch   |       |     3 |    15 |     5 ||    23
Invok: Call Merchant     |       |       |       |     1 ||     1
Evoke: Wand              |       |     6 |       |       ||     6
  Use: Scroll            |     2 |       |     8 |     2 ||    12
       Potion            |       |       |       |     1 ||     1
 Stab: Sleeping          |    22 |    27 |    54 |    13 ||   116
       Confused          |       |     2 |    17 |     4 ||    23
       Distracted        |       |     1 |       |     1 ||     2
Armor: Robe              |     8 |    14 |     4 |       ||    26
       Swamp dragon scal |       |       |    34 |    10 ||    44
Dodge: Dodged            |    16 |    74 |   114 |    34 ||   238

Table legend: (Time is in decaauts)
 A = Elapsed time spent in this place.
 B = Non-inter-level travel time spent in this place.
 C = Inter-level travel time spent in this place.
 D = Time resting spent in this place.
 E = Time spent auto-exploring this place.
 F = Levels seen in this place.
 G = Mean time per level.
                   A        B        C        D        E       F      G
               +--------+--------+--------+--------+--------+-----+--------+
         Total |   7819 |   7583 |    236 |   1998 |   4222 |  11 |  710.8 |
       Dungeon |   6701 |   6487 |    214 |   1147 |   4187 |   9 |  744.6 |
        Temple |     63 |     41 |     22 |      0 |     34 |   1 |   63.0 |
       Ossuary |   1054 |   1054 |      0 |    851 |      0 |   1 | 1054.0 |
               +--------+--------+--------+--------+--------+-----+--------+

Top non-repeatable levels by time:
     D:8: 1149 daAuts
 Ossuary: 1054 daAuts
     D:6: 842 daAuts
     D:5: 830 daAuts
     D:3: 824 daAuts
     D:7: 766 daAuts
     D:1: 763 daAuts
     D:4: 623 daAuts
     D:2: 485 daAuts
     D:9: 417 daAuts
  Temple: 63 daAuts
